 Dungeon Crawl Stone Soup version 0.26.1-2-gb8aa6d0cf2 (webtiles) character file.

Game seed: 7582915424634299272

5364 FishyPogo the Frost Mage (level 10, -6/84 HPs)
             Began as a Pale Draconian Ice Elementalist on Feb 23, 2021.
             Was a Priest of Dithmenos.
             Mangled by a large abomination (30 damage)
             ... on level 9 of the Dungeon.
             The game lasted 00:59:41 (9798 turns).

FishyPogo the Frost Mage (DrIE)                     Turns: 9798, Time: 00:59:41

Health: -6/84      AC:  8    Str: 26    XL:     10   Next: 39%
Magic:  4/14       EV: 12    Int: 18    God:    Dithmenos [***...]
Gold:   499        SH:  0    Dex: 15    Spells: 4/15 levels left

rFire    x . .     SeeInvis .   b - +7 spear of True Grit {vorpal, rF- rC+ Str+9 Dex+3}
rCold    + + .     Faith    .   (no shield)
rNeg     . . .     Spirit   .   (armour unavailable)
rPois    .         Reflect  .   (helmet restricted)
rElec    .         Harm     .   G - +0 cloak {Stlth+}
rCorr    .         Rampage  .   (no gloves)
Will     .....                  (no boots)
Stlth    +++.......             e - amulet of magic regeneration
HPRegen  0.24/turn              n - +6 ring of strength
MPRegen  0.39/turn              B - ring of protection from cold

@: wreathed by umbra
A: breathe steam, unfitting armour, cold-blooded, AC +7
a: Breathe Steam, Renounce Religion, Shadow Step


You were on level 9 of the Dungeon.
You worshipped Dithmenos.
Dithmenos was most pleased with you.
You visited 1 branch of the dungeon, and saw 9 of its levels.

You collected 499 gold pieces.

Inventory:

Hand Weapons
 a - a +2 vampiric whip
 b - the +7 spear of True Grit (weapon) {vorpal, rF- rC+ Str+9 Dex+3}
   (You found it on level 5 of the Dungeon)

   It inflicts extra damage upon your enemies.
   It affects your strength (+9).
   It affects your dexterity (+3).
   It makes you vulnerable to fire.
   It protects you from cold.
 v - a +5 falchion of holy wrath
Missiles
 g - 68 poisoned darts (quivered)
 i - 3 datura-tipped darts
 j - 255 stones
 I - a throwing net
Armour
 s - a +0 kite shield
 G - a +0 cloak of stealth (worn)
 J - a +0 buckler
Jewellery
 e - an amulet of magic regeneration (around neck)
 n - a +6 ring of strength (left hand)
 B - a ring of protection from cold (right hand)
Wands
 k - a wand of polymorph (6)
 o - a wand of acid (10)
 u - a wand of flame (12)
 x - a wand of disintegration (6)
Scrolls
 c - 4 scrolls of immolation
 f - 4 scrolls of remove curse
 l - 2 scrolls of fog {unknown}
 m - 6 scrolls of teleportation
 p - a scroll of fear {unknown}
 q - a scroll of blinking
 t - a scroll of enchant weapon {unknown}
 y - 2 scrolls of magic mapping {unknown}
 z - a scroll of amnesia {unknown}
 C - a scroll of noise {unknown}
 D - a scroll of enchant armour {unknown}
 E - a scroll of holy word {unknown}
 F - 2 scrolls of identify
 H - a scroll of random uselessness {unknown}
Potions
 d - a potion of lignification
 h - 2 potions of curing
 r - a potion of cancellation
 A - 2 potions of haste


   Skills:
 + Level 6.6 Fighting
 + Level 5.8 Polearms
 - Level 2.0 Dodging
 + Level 2.7 Stealth
 + Level 1.6 Shields
 - Level 3.0 Spellcasting
 + Level 1.6 Conjurations
 - Level 3.0 Summonings
 * Level 10.9 Ice Magic
 * Level 2.6 Air Magic
 - Level 4.0 Invocations
 - Level 3.0 Evocations


You had 4 spell levels left.
You knew the following spells:

 Your Spells              Type           Power        Failure   Level
a - Freeze                Ice            100%         1%          1
b - Frozen Ramparts       Ice            84%          1%          3
c - Summon Ice Beast      Ice/Summ       27%          10%         4
d - Mephitic Cloud        Conj/Pois/Air  7%           26%         3

Your spell library contained the following spells:

 Spells                   Type           Power        Failure   Level
 Ozocubu's Armour         Ice            42%          1%          3
 Ensorcelled Hibernation  Hex/Ice        44%          2%          2
 Hailstorm                Conj/Ice       25%          12%         4
 Poisonous Vapours        Pois/Air       14%          14%         2
 Corona                   Hex            2%           16%         1
 Conjure Flame            Conj/Fire      5%           34%         3
 Dazzling Flash           Conj/Hex       10%          34%         3
 Confusing Touch          Hex            2%           43%         3
 Tukima's Dance           Hex            2%           43%         3
 Freezing Cloud           Conj/Ice/Air   10%          97%         6


Dungeon Overview and Level Annotations

Branches:
Dungeon (9/15)             Temple (0/1) D:5            Lair (0/6) D:8
    Orc: D:9-12

Altars:
Ashenzari
Dithmenos
Elyvilon
Fedhas
Kikubaaqudgha
Nemelex Xobeh
Okawaru
Uskayaw
Vehumet
Wu Jian
Zin
Beogh

Annotations:
D:8 2 transporters


Innate Abilities, Weirdness & Mutations

You can breathe blasts of scalding, opaque steam.
Your pale cyan-grey scales are hard. (AC +7)
You cannot fit into any form of body armour.
You are cold-blooded and may be slowed by cold attacks.


Message History

You puncture the small abomination!
The small abomination is heavily damaged.
The wall freezes the small abomination!
The small abomination hits you!!
* * * LOW HITPOINT WARNING * * *
Unknown command.
You hit the small abomination.
The small abomination is almost destroyed.
Your ice beast closely misses the small abomination. x2
The wall freezes the large abomination!
Unknown command.
You hit the small abomination.
You destroy the small abomination!
Dithmenos accepts your kill.
The frozen ramparts melt away.
A small abomination comes into view.
Unknown command.
You feel much better.
A large abomination comes into view.
The large abomination hits you!!
You die...

#......# #......########
#.............#
#......######)#
#######....#######'###
.....##....##........#
............#........#
............#..YY....#
............#.xX@....#
.....#########X#######
.....##....##..
...........##x. ###
##+####....##.. #.#
.....##....###########.#
......#....#...........#
......#....'...........#
......#....#...........#


You could see 2 large abominations, a small abomination and 2 friendly ice
beasts.

Vanquished Creatures
  A wizard (D:9)
  Maurice (D:8)
  Sigmund (D:6)
  2 large abominations (D:9)
  2 ice beasts
  5 small abominations (D:9)
  A sky beast (D:9)
  2 black bears
  3 ogres
  A phantom (D:6)
  2 centaurs
  A necrophage (D:6)
  A big kobold (D:8)
  6 bullfrogs
  7 killer bees
  8 wights
  A howler monkey (D:5)
  2 vampire bats (D:3)
  A bullfrog zombie (D:5)
  An electric eel (D:8)
  A quasit (D:7)
  5 orc priests
  2 hounds
  A jelly (D:7)
  5 orc wizards
  A bullfrog skeleton (D:8)
  An iguana (D:4)
  8 worker ants
  A hound zombie (D:5)
  2 worker ant zombies
  A howler monkey zombie (D:6)
  3 gnolls (D:7)
  An adder (D:2)
  2 shadow imps (D:6)
  3 white imps
  2 ufetubi
  An adder zombie (D:6)
  An adder skeleton (D:4)
  4 dart slugs (D:1)
  2 worms
  2 leopard geckos
  10 orcs
  2 ball pythons (D:1)
  2 bat skeletons (D:3)
  3 bat zombies (D:3)
  4 giant cockroaches
  5 goblins (D:1)
  6 hobgoblins
  4 jackals
  4 quokkas
  4 bats
  4 frilled lizards
  12 kobolds
  2 quokka skeletons
  A quokka zombie (D:6)
  5 rats
166 creatures vanquished.

Vanquished Creatures (collateral kills)
  Maggie (D:8)
  A small abomination (D:9)
  2 orc warriors
  An orc wizard (D:8)
  An adder (D:8)
  3 orcs (D:8)
9 creatures vanquished.

Grand Total: 175 creatures vanquished

Notes
Turn   | Place    | Note
-------+----------+-------------------------------------------
     0 | D:1      | FishyPogo the Draconian Ice Elementalist began the quest
                  | for the Orb.
     0 | D:1      | Reached XP level 1. HP: 14/14 MP: 3/3
   186 | D:1      | Reached XP level 2. HP: 20/20 MP: 5/5
   703 | D:1      | Reached XP level 3. HP: 25/26 MP: 6/6
  1216 | D:2      | Reached skill level 5 in Ice Magic
  1814 | D:2      | Found a shadowy altar of Dithmenos.
  1828 | D:2      | Became a worshipper of Dithmenos the Shadowed
  2013 | D:3      | Reached XP level 4. HP: 23/33 MP: 4/7
  2657 | D:3      | Reached skill level 1 in Invocations
  2722 | D:3      | Found an ancient bone altar of Kikubaaqudgha.
  2730 | D:3      | Reached XP level 5. HP: 38/38 MP: 6/9
  3041 | D:4      | Noticed an ogre
  3077 | D:4      | Found a blossoming altar of Fedhas.
  3100 | D:4      | Learned a level 3 spell: Frozen Ramparts
  3772 | D:4      | Reached skill level 6 in Ice Magic
  3873 | D:4      | Killed an ogre
  3874 | D:4      | Reached XP level 6. HP: 11/45 MP: 3/10
  3879 | D:4      | Learned a level 4 spell: Summon Ice Beast
  4169 | D:5      | Entered Level 5 of the Dungeon
  4186 | D:5      | Got a masterwork spear
  4187 | D:5      | Identified the +7 spear of True Grit {vorpal, rF- rC+ Str+9
                  | Dex+3} (You found it on level 5 of the Dungeon)
  4288 | D:5      | You fall into a shaft and drop 2 floors!
  4292 | D:7      | Found a sparkling altar of Nemelex Xobeh.
  4292 | D:7      | Found an iron altar of Okawaru.
  4294 | D:7      | Found a glowing silver altar of Zin.
  4296 | D:7      | Found a hide-covered altar of Uskayaw.
  4301 | D:7      | Found a broken altar of Ashenzari.
  4373 | D:6      | Reached skill level 1 in Fighting
  4628 | D:6      | Your scales start taking on a pale cyan-grey colour.
  4628 | D:6      | Reached XP level 7. HP: 51/52 MP: 11/11
  5005 | D:5      | Reached skill level 7 in Ice Magic
  5111 | D:5      | Reached * piety under Dithmenos
  5140 | D:5      | Reached skill level 1 in Polearms
  5140 | D:5      | Reached skill level 1 in Summonings
  5140 | D:5      | Reached skill level 1 in Evocations
  5326 | D:5      | Found a staircase to the Ecumenical Temple.
  5609 | D:6      | Reached XP level 8. HP: 57/62 MP: 12/12
  5658 | D:6      | Found an ornate altar of the Wu Jian Council.
  5828 | D:6      | Noticed Sigmund
  5832 | D:6      | Killed Sigmund
  5885 | D:6      | Reached skill level 8 in Ice Magic
  6734 | D:7      | Reached skill level 9 in Ice Magic
  6734 | D:7      | Reached XP level 9. HP: 36/72 MP: 10/13
  6738 | D:7      | Reached ** piety under Dithmenos
  7672 | D:8      | Reached skill level 5 in Fighting
  7680 | D:8      | Noticed Maggie
  7853 | D:8      | Killed Maggie
  7892 | D:8      | Reached skill level 10 in Ice Magic
  8194 | D:8      | Found a staircase to the Lair.
  8205 | D:8      | Found a white marble altar of Elyvilon.
  8207 | D:8      | Found a transporter.
  8207 | D:8      | Found a transporter.
  8230 | D:8      | Noticed Maurice
  8241 | D:8      | Killed Maurice
  8242 | D:8      | Reached skill level 5 in Polearms
  8494 | D:8      | HP: 3/75 [orc priest/divine providence (17)]
  8945 | D:8      | Found a radiant altar of Vehumet.
  9469 | D:8      | Found a roughly hewn altar of Beogh.
  9470 | D:8      | Found the amulet of the Air {Inacc +Fly rElec EV+5 RMsl}
  9525 | D:8      | Reached XP level 10. HP: 83/83 MP: 14/14
  9595 | D:9      | Learned a level 3 spell: Mephitic Cloud
  9663 | D:9      | Reached *** piety under Dithmenos
  9763 | D:9      | Noticed a wizard
  9770 | D:9      | Killed a wizard
  9771 | D:9      | Reached skill level 1 in Conjurations
  9771 | D:9      | Reached skill level 1 in Air Magic
  9780 | D:9      | Reached skill level 1 in Shields
  9798 | D:9      | Noticed a large abomination
  9798 | D:9      | Mangled by a large abomination

Illustrated notes

Levels and vault maps discovered:
D:1:      heliophobic_arrival_glass_houses, layout_basic
D:2:      layout_basic, grunt_dithmenos_smoke
D:3:      layout_basic, kennysheep_vampire_church
D:4:      layout_loops_ring, lemuel_round_altar
D:5:      layout_basic, minmay_temple_entry_nine_rooms, serial_park_tiny_1
D:6:      layout_basic, lemuel_doored_altar, minmay_misc_feat_roman,
          uniq_sigmund
D:7:      layout_cave_pools, minitemple, roderic_filled_cross
D:8:      gammafunk_beogh_shrine, layout_cave_pools,
          nicolae_overflow_hidden_temple, elyvilon_altar_4, lair_entry_dummy,
          grunt_ogre_cave, kennysheep_flooded_box, uniq_maurice, uniq_maggie
D:9:      layout_gridville, gammafunk_temple_overflow_elements, laboratory,
          uniq_prince_ribbit1

Skill      XL: |  1  2  3  4  5  6  7  8  9 10 |
---------------+-------------------------------+-----
Dodging        | 2 |  2.0
Stealth        | 2 |  2.7
Ice Magic      | 5 6 7 9 10 | 10.9
Invocations    | 1 3 4 |  4.0
Spellcasting   | 3 |  3.0
Fighting       | 1 2 4 6 |  6.6
Polearms       | 1 3 5 |  5.8
Summonings     | 2 3 |  3.0
Evocations     | 2 3 |  3.0
Conjurations   | 1 |  1.6
Air Magic      | 2 |  2.6
Shields        | 1 |  1.6

Action                   |  1- 3 |  4- 6 |  7- 9 | 10-12 || total
-------------------------+-------+-------+-------+-------++-------
Melee: Dagger            |    30 |     1 |       |       ||    31
       Unarmed           |     3 |       |       |       ||     3
       Tailslap          |     9 |    10 |    17 |     2 ||    38
       Whip              |    25 |    54 |       |       ||    79
       Spear             |       |    33 |   153 |    24 ||   210
Throw: Stone             |    13 |     3 |       |       ||    16
       Dart              |       |     2 |     4 |       ||     6
 Cast: Freeze            |    43 |    42 |     3 |       ||    88
       Frozen Ramparts   |       |     2 |     6 |     1 ||     9
       Summon Ice Beast  |       |       |    14 |     2 ||    16
 Abil: Breathe Steam     |       |       |    40 |     5 ||    45
  Use: Scroll            |       |     1 |    11 |       ||    12
       Potion            |       |       |     5 |     1 ||     6
 Stab: Sleeping          |     2 |     5 |     3 |       ||    10
       Distracted        |       |       |     1 |       ||     1
       Invisible         |       |       |     2 |       ||     2
Armor: Skin              |    38 |    77 |    42 |     5 ||   162
Dodge: Dodged            |    54 |   124 |    90 |     8 ||   276
Block: Kite shield       |       |       |     7 |       ||     7
